cohdb
Replays
Latest Replays
All Replays
Popular Replays
Top Player Replays
Match Explorer
How It Works
Community
CoH3 Stats
Reddit
Sign in to upload your games and track your stats! →
Sign in with Steam
Match 23412730
Unlisted
Match 23412730
Overview
Messages
Build Orders
End
Construct Infanterie Kompanie
Selects Breakthrough Battlegroup
Selects Assault Grenadiers
Grenadier Squad
Grenadier Squad
Grenadier Squad
Medical Station
Grenadier Squad
Grenadier Squad
Construct Luftwaffe Kompanie
Selects Rapid Production
Selects Smoke Bombing Run
Jäger Squad
Support Elements
Selects Incendiary Bombing Run
Jäger Squad
Wirbelwind Flakpanzer
Jäger Squad
Marder III M Tank Destroyer
Incendiary Bombing Run
Selects Blitzkrieg
Jäger Squad
Repair Bunker
Selects Tiger Heavy Tank
Tiger Heavy Tank
Incendiary Bombing Run
Tiger Heavy Tank
RV
Tocznet
SneaKerz
gb_gbg
0
0
Comments
sign in to comment!
No comments posted yet!